 Dungeon Crawl Stone Soup version 0.29-a0-617-g7a6b98fccd (webtiles) character file.

Game seed: 7041092888339716779

1625 HoaS the Archer (level 8, -4/44 HPs)
             Began as a Gargoyle Hunter on June 17, 2022.
             Killed from afar by Maggie (9 damage)
             ... with a bolt of fire
             ... on level 6 of the Dungeon.
             The game lasted 00:13:38 (7341 turns).

HoaS the Archer (Gargoyle Hunter)                   Turns: 7341, Time: 00:13:39

Health: -4/44      AC: 16    Str: 14    XL:     8   Next: 97%
Magic:  8/8        EV: 10    Int: 11    God:
Gold:   1436       SH:  5    Dex: 15    Spells: 7/7 levels left

rFire   + . .      SeeInvis +   a - +1 shortbow
rCold   . . .      Faith    .   (shield currently unavailable)
rNeg    + . .      Spirit   .   t - +0 ring mail
rPois   ∞          Reflect  +   j - +2 helmet
rElec   +          Harm     .   e - +0 cloak
rCorr   .          Rampage  .   k - +0 pair of gloves
Will    .....                   p - +0 pair of boots
Stlth   +.........              g - amulet of reflection
HPRegen 0.14/turn               n - ring of protection from fire
MPRegen 0.11/turn               u - ring of see invisible

@: invisible
A: sickness immunity, AC +5, negative energy resistance 1, electricity
resistance, torment resistance 1, petrification resistance
a: no special abilities


You were on level 6 of the Dungeon.
You visited 1 branch of the dungeon, and saw 6 of its levels.
You also visited: Sewer.

You collected 1436 gold pieces.

Inventory:

Hand Weapons
 a - a +1 shortbow (weapon)
Missiles
 i - 4 throwing nets
Armour
 e - a +0 cloak (worn)
 j - a +2 helmet (worn)
 k - a +0 pair of gloves (worn)
 p - a +0 pair of boots (worn)
 q - a +0 scale mail
 t - a +0 ring mail (worn)
 x - a +0 chain mail
Jewellery
 g - an amulet of reflection (around neck)
 n - a ring of protection from fire (left hand)
 u - a ring of see invisible (right hand)
Wands
 s - a wand of flame (22)
Scrolls
 c - 3 scrolls of immolation
 w - 2 scrolls of teleportation
Potions
 d - 2 potions of lignification
 l - a potion of attraction {unknown}
 m - a potion of might {unknown}
 o - 3 potions of flight
 v - 2 potions of mutation
 z - a potion of haste {unknown}
 B - a potion of cancellation {unknown}


   Skills:
 - Level 2.1 Fighting
 + Level 11.7 Bows
 - Level 1.5 Dodging
 - Level 1.1 Stealth


You had 7 spell levels left.
You didn't know any spells.
Your spell library contained the following spells:

 Spells                   Type           Power      Damage    Failure   Level
 Passage of Golubria      Tloc           0%         N/A       100%        4
 Silence                  Hex/Air        0%         N/A       100%        5
 Lehudib's Crystal Spear  Conj/Erth      0%         10d2      100%        8


Dungeon Overview and Level Annotations

Branches:
Dungeon (6/15)              Sewer (visited)
 Temple: D:4-7

Altars:
Sif Muna
Zin

Annotations:
D:6 Maggie


Innate Abilities, Weirdness & Mutations

You are immune to sickness and miasma.
Your stone body is resilient. (AC +5)
You are immune to poison.
You resist negative energy. (rN+)
You are resistant to electric shocks. (rElec)
You are resistant to unholy torment.
You are immune to petrification.


Message History

Aim: Maggie, wielding a +0 halberd, wearing +0 steam dragon scales and carrying a wand of iceblast (4) (lightly wounded, mesmerising, can't see you, 66% to hit)
You shoot an arrow. The arrow closely misses Maggie.
Maggie barely misses you.
Shoot: a) +1 shortbow
Press: ? - help, Q - select action, (/) - cycle Shift-Dir - straight line, f/p - Maggie
Aim: Maggie, wielding a +0 halberd, wearing +0 steam dragon scales and carrying a wand of iceblast (4) (lightly wounded, mesmerising, can't see you, 66% to hit)
You shoot an arrow. The arrow hits Maggie.
Maggie is lightly wounded.
Maggie barely misses you.
Shoot: a) +1 shortbow
Press: ? - help, Q - select action, (/) - cycle Shift-Dir - straight line, f/p - Maggie
Aim: Maggie, wielding a +0 halberd, wearing +0 steam dragon scales and carrying a wand of iceblast (4) (lightly wounded, mesmerising, can't see you, 66% to hit)
You shoot an arrow.
The arrow hits Maggie but does no damage.
Maggie is lightly wounded.
Maggie hits you from afar with a +0 halberd.
* * * LOW HITPOINT WARNING * * *
Shoot: a) +1 shortbow
Press: ? - help, Q - select action, (/) - cycle Shift-Dir - straight line, f/p - Maggie
Aim: Maggie, wielding a +0 halberd, wearing +0 steam dragon scales and carrying a wand of iceblast (4) (lightly wounded, mesmerising, can't see you, 66% to hit)
You shoot an arrow. The arrow hits Maggie!
Maggie is moderately wounded.
You break out of your daze.
Maggie barely misses you.
Shoot: a) +1 shortbow
Press: ? - help, Q - select action, (/) - cycle Shift-Dir - straight line, f/p - Maggie
Aim: Maggie, wielding a +0 halberd, wearing +0 steam dragon scales and carrying a wand of iceblast (4) (moderately wounded, can't see you, 66% to hit)
You shoot an arrow.
The arrow hits Maggie but does no damage.
Maggie is moderately wounded.
Maggie closely misses you.
Shoot: a) +1 shortbow
Press: ? - help, Q - select action, (/) - cycle Shift-Dir - straight line, f/p - Maggie
Aim: Maggie, wielding a +0 halberd, wearing +0 steam dragon scales and carrying a wand of iceblast (4) (moderately wounded, can't see you, 66% to hit)
You shoot an arrow.
The arrow hits Maggie but does no damage.
Maggie is moderately wounded.
Maggie points at you and mumbles some strange words.
The bolt of fire hits you! You resist.
You die...

#...######.............
...##....########..#.
######.#..####
#........#######
#........#......
#..........#
#....>...### #..
#........#######....#
########..#)@.@......
#.....)..####.####
##...#..## ###......#
####.#.... #.###... #.#
## #.# #.#


You could see Maggie (can't see you).

Vanquished Creatures
  A shadow (D:5)
  Duvessa (D:4)
  A black bear (D:5)
  2 ice beasts (D:5)
  A centaur (D:5)
  A scorpion (D:5)
  4 wights
  Dowan (D:4)
  6 jellies
  A gnoll shaman (D:5)
  An orc priest (D:5)
  A hound (D:5)
  An iguana (D:5)
  5 orc wizards
  8 gnolls
  6 river rats (Sewer)
  7 adders
  A shadow imp (D:5)
  2 worms
  A dart slug (D:1)
  11 orcs
  6 ball pythons
  3 bats
  14 endoplasms
  14 giant cockroaches
  8 goblins
  3 hobgoblins
  5 kobolds
  4 quokkas
  6 frilled lizards
  6 rats
132 creatures vanquished.

Notes
Turn   | Place    | Note
-------+----------+-------------------------------------------
     0 | D:1      | HoaS the Gargoyle Hunter began the quest for the Orb.
     0 | D:1      | Reached XP level 1. HP: 12/12 MP: 1/1
   609 | D:1      | Reached XP level 2. HP: 17/17 MP: 2/2
  1234 | D:1      | Reached XP level 3. HP: 20/21 MP: 3/3
  1574 | D:2      | Reached skill level 5 in Bows
  1827 | D:2      | Found a faded altar of an unknown god.
  2676 | D:3      | Reached XP level 4. HP: 26/26 MP: 4/4
  2977 | D:3      | Reached skill level 6 in Bows
  2977 | D:3      | Reached XP level 5. HP: 17/30 MP: 5/5
  3240 | D:3      | Found a shimmering blue altar of Sif Muna.
  3316 | D:3      | Identified a scroll of acquirement
  3316 | D:3      | Acquired 1084 gold pieces
  4381 | D:4      | Noticed Duvessa
  4381 | D:4      | Noticed Dowan
  4560 | D:5      | Entered Level 5 of the Dungeon
  4579 | D:5      | Reached skill level 7 in Bows
  4579 | D:5      | Reached XP level 6. HP: 32/35 MP: 6/6
  4728 | D:5      | Found a glowing drain.
  4765 | Sewer    | Entered a sewer
  4891 | Sewer    | Reached skill level 8 in Bows
  4958 | Sewer    | Identified the +0 helmet of Onwytib {Int+4}
  4973 | Sewer    | Reached XP level 7. HP: 40/40 MP: 7/7
  5014 | Sewer    | Found a viscous altar of Jiyva.
  5228 | D:5      | Reached skill level 9 in Bows
  5467 | D:5      | Found a glowing silver altar of Zin.
  5639 | D:5      | Reached XP level 8. HP: 36/44 MP: 8/8
  5724 | D:5      | Reached skill level 10 in Bows
  6337 | D:4      | Killed Duvessa
  6341 | D:4      | Killed Dowan
  6716 | D:6      | Noticed Maggie
  6852 | D:6      | Noticed a shadow
  6886 | D:5      | HP: 1/44 [wight/+0 spear (3)]
  6891 | D:5      | Reached skill level 11 in Bows
  7075 | D:5      | Killed a shadow
  7341 | D:6      | Killed from afar by Maggie

Illustrated notes

Levels and vault maps discovered:
D:1:      dpeg_arrival_tiny_h, layout_basic, nrook_uturn, minmay_pentomino_v4
D:2:      layout_basic, shapermc_ecumenical_altar_venn, moated_statue
D:3:      layout_loops_corners, lemuel_blue_sif_altar
D:4:      layout_basic, st_stairs_7, uniq_duvessa
D:5:      layout_loops_ring, amcnicky_altar_gilded, gup_sewer_entry_glass
D:6:      layout_rooms, minmay_temple_entry_large_hall,
          gammafunk_ghost_gnarly_gnolls, serial_shops, shop, uniq_maggie

Skill      XL: |  1  2  3  4  5  6  7  8 |
---------------+-------------------------+-----
Bows           | 5 6 7 8 9 11 | 11.7
Fighting       | |  2.1
Dodging        | |  1.5
Stealth        | |  1.1

Action                   |  1- 3 |  4- 6 |  7- 9 || total
-------------------------+-------+-------+-------++-------
 Fire: Shortbow          |    88 |   223 |   261 ||   572
Evoke: Wand              |       |       |     1 ||     1
  Use: Scroll            |     4 |     6 |     5 ||    15
       Potion            |       |       |     8 ||     8
Armor: Leather armour    |    15 |    58 |    21 ||    94
       Ring mail         |       |       |    46 ||    46
Dodge: Dodged            |    31 |    48 |    88 ||   167
Block: Other             |       |    24 |    41 ||    65
       Reflection        |       |     2 |       ||     2

Table legend: (Time is in decaauts)
 A = Elapsed time spent in this place.
 B = Non-inter-level travel time spent in this place.
 C = Inter-level travel time spent in this place.
 D = Time resting spent in this place.
 E = Time spent auto-exploring this place.
 F = Levels seen in this place.
 G = Mean time per level.
                   A        B        C        D        E       F      G
               +--------+--------+--------+--------+--------+-----+--------+
         Total |   7463 |   7051 |    412 |   1910 |   3888 |   7 | 1066.1 |
       Dungeon |   7070 |   6658 |    412 |   1878 |   3743 |   6 | 1178.3 |
         Sewer |    392 |    392 |      0 |     32 |    145 |   1 |  392.0 |
               +--------+--------+--------+--------+--------+-----+--------+

Top non-repeatable levels by time:
     D:3: 2050 daAuts
     D:5: 1716 daAuts
     D:1: 1510 daAuts
     D:4: 828 daAuts
     D:2: 812 daAuts
   Sewer: 392 daAuts
     D:6: 151 daAuts
